 Dungeon Crawl Stone Soup version 0.27-a0-46-g34d46f0a3f (webtiles) character file.

Game seed: 5739487061468600791

45260 dickylongcocking the Polluter (level 14, -2/124 HPs)
             Began as a Formicid Venom Mage on Jan 7, 2021.
             Was an Initiate of Gozag.
             Slain by an orc high priest
             ... wielding a +2 flail of protection
              (5 damage)
             ... on level 2 of the Orcish Mines.
             The game lasted 00:27:19 (22173 turns).

dickylongcocking the Polluter (FoVM)               Turns: 22173, Time: 00:27:20

Health: -2/124     AC: -3    Str: 13    XL:     14   Next: 70%
Magic:  0/17       EV: 10    Int: 20    God:    Gozag
Gold:   1807       SH: 20    Dex: 17    Spells: 7/17 levels left

rFire    + + +     SeeInvis +   B - +11 dagger of Flawed Execution {venom, rElec rPois}
rCold    + . .     Faith    .   x - +0 tower shield of Ocauth {Regen+ Dex+4} (curse)
rNeg     . . .     Spirit   .   v - quicksilver dragon scales
rPois    +         Reflect  +   (helmet unavailable)
rElec    +         Harm     .   J - scarf {rC+ rF+}
rCorr    +         Rampage  .   (no gloves)
Will     +++..                  M - +1 pair of boots
Stlth    ++........             C - amulet of reflection
HPRegen  0.70/turn              Y - ring of resist corrosion
MPRegen  0.15/turn              K - ring of fire

@: mighty, resistant, corroded
A: permanent stasis, dig shafts and tunnels, four strong arms, antennae 3, agile
1, strong-willed 1, robust 1
a: Dig, Shaft Self, Renounce Religion, Potion Petition, Call Merchant, Bribe
Branch


You were on level 2 of the Orcish Mines.
You worshipped Gozag.
Gozag was most pleased with you.
You visited 2 branches of the dungeon, and saw 16 of its levels.
You also visited: Gauntlet.

You collected 4545 gold pieces.
You spent 410 gold pieces at shops.
You paid 2328 gold pieces to Gozag.

Inventory:

Hand Weapons
 d - a +0 dagger
 q - a +2 dagger of electrocution
 B - the +11 dagger of Flawed Execution (weapon) {venom, rElec rPois}
   (You found it on level 5 of the Dungeon)

   It poisons the flesh of those it strikes.
   It insulates you from electricity.
   It protects you from poison.
 G - a +0 lajatang
 V - a +2 battleaxe of electrocution
Missiles
 U - 50 bolts
Armour
 a - a +0 robe
 m - the +4 Cigotuvi's embrace {rMiasma *Drain rN+}
   (You found it on level 13 of the Dungeon)

   It protects you from negative energy.
   It causes draining when unequipped.
 u - a +0 ring mail
 v - quicksilver dragon scales (worn)
 x - the cursed +0 tower shield of Ocauth (worn) {Regen+ Dex+4}
   (You took it off a minotaur in a Gauntlet)

   It affects your dexterity (+4).
   It increases your rate of regeneration.
   It has a curse placed upon it.
 y - a +0 pair of boots
 J - a scarf of resistance (worn)
 L - a scarf of harm
 M - a +1 pair of boots (worn)
 O - a +0 ring mail of cold resistance
 Z - the +0 pair of gloves of Pragmatism {rElec rN+ Will-}
   (You found it in a Gauntlet)

   It insulates you from electricity.
   It protects you from negative energy.
   It affects your willpower, your defense against some magical effects.
Jewellery
 b - an uncursed ring of poison resistance
 e - an uncursed ring of protection from cold {unknown}
 f - an uncursed ring of teleportation
 g - an uncursed amulet of magic regeneration
 C - an amulet of reflection (around neck)
 K - a ring of fire (right hand)
 S - an uncursed ring of ice
 Y - a ring of resist corrosion (left hand)
Wands
 i - a wand of random effects (20)
 o - a wand of flame (42)
 D - a wand of polymorph (7)
 F - a wand of digging (9)
 H - a wand of acid (7)
 I - a wand of iceblast (6)
 Q - a wand of enslavement (6)
 X - a wand of disintegration (25)
Scrolls
 r - 6 scrolls of enchant armour
 t - a scroll of immolation
 w - a scroll of identify
 A - a scroll of magic mapping
 P - 3 scrolls of enchant weapon
 R - a scroll of fog
 T - a scroll of torment
 W - a scroll of amnesia
Potions
 c - a potion of ambrosia
 h - 5 potions of attraction
 j - 2 potions of might
 k - 2 potions of resistance
 n - 3 potions of brilliance {unknown}
 p - 4 potions of mutation
 s - a potion of flight
 z - 8 potions of curing
 E - 2 potions of cancellation {unknown}
Miscellaneous
 N - a box of beasts


   Skills:
 * Level 11.1 Fighting
 - Level 7.5 Short Blades
 * Level 12.2 Armour
 * Level 3.1 Dodging
 - Level 2.4 Stealth
 * Level 7.2 Shields
 - Level 2.1 Spellcasting
 - Level 11.5 Transmutations
 - Level 15.5 Poison Magic
 * Level 4.0 Evocations


You had 7 spell levels left.
You knew the following spells:

 Your Spells              Type           Power        Failure   Level
a - Sting                 Tmut/Pois      100%         1%          1
d - Olgreb's Toxic Radia  Pois           59%          2%          4
i - Ignite Poison         Fire/Tmut/Pois 55%          11%         3
p - Poisonous Vapours     Pois/Air       66%          9%          2

Your spell library contained the following spells:

 Spells                   Type           Power        Failure   Level
 Mephitic Cloud           Conj/Pois/Air  22%          47%         3
 Corona                   Hex            2%           83%         1
 Foxfire                  Conj/Fire      12%          83%         1
 Magic Dart               Conj           8%           83%         1
 Hydra Form               Tmut           24%          90%         6
 Call Imp                 Summ           2%           92%         2
 Slow                     Hex            2%           92%         2
 Irradiate                Conj/Tmut      12%          98%         5
 Conjure Flame            Conj/Fire      3%           99%         3
 Gell's Gravitas          Tloc           1%           99%         3
 Inner Flame              Hex/Fire       3%           99%         3
 Lesser Beckoning         Tloc           1%           99%         3
 Portal Projectile        Hex/Tloc       4%           99%         3
 Teleport Other           Tloc           2%           99%         3
 Cause Fear               Hex            1%           100%        4
 Leda's Liquefaction      Hex/Erth       1%           100%        4
 Passage of Golubria      Tloc           N/A          100%        4
 Freezing Cloud           Conj/Ice/Air   1%           100%        6
 Statue Form              Tmut/Erth      16%          100%        6
 Dragon Form              Tmut           24%          100%        7
 Dragon's Call            Summ           1%           100%        9
 Blink                    Tloc           Unusable     N/A         2

Dungeon Overview and Level Annotations

Branches:
Dungeon (14/15)            Temple (0/1) D:6            Lair (0/6) D:9
    Orc (2/2) D:12         Vaults (0/5) D:13        Gauntlet (visited)
    Elf: Orc:2

Altars:
Ashenzari
Dithmenos
Elyvilon
Gozag
Hepliaklqana
Nemelex Xobeh
Okawaru
Qazlal
Trog
Uskayaw
Vehumet
Xom
Zin

Shops:
D:4 !   D:10 (   D:12 ?   Orc:2 *=

Portals:
Trove: D:12 (give 6 scrolls of fog)

Annotations:
D:7 1 runed translucent door, Frask's ghost, novice MiMo


Innate Abilities, Weirdness & Mutations

You cannot be hasted, slowed, berserked, paralysed or teleported.
You can dig through walls and to a lower floor.
Your four strong arms can wield two-handed weapons with a shield.
You have a pair of large antennae on your head. (SInv)
You are agile. (Dex +2)
You are strong-willed. (Will+)
You are robust. (+10% HP)


Message History

You feel much better.
The ufetubus disappears in a puff of smoke! x2
The ufetubus closely misses you. The ufetubus hits you.
* * * LOW HITPOINT WARNING * * *
You block the smoke demon's attack. x2; The smoke demon hits you.
* * * LOW HITPOINT WARNING * * *
You block the chaos spawn's attack. The ynoxinul hits you!
* * * LOW HITPOINT WARNING * * *
You block the rust devil's attack. The ufetubus hits you.
* * * LOW HITPOINT WARNING * * *
The ufetubus completely misses you. The ufetubus closely misses you.
The ufetubus hits you.
* * * LOW HITPOINT WARNING * * *
The orc high priest calls down the wrath of Beogh upon you.
Beogh smites you!
* * * LOW HITPOINT WARNING * * *
The rust devil completely misses you.
The orc high priest hits you with a +2 flail of protection.
You die...
Your body crumbles into a pile of gold.

###......###.....###.$.#..##..# #
#........##.......#.#..........##
....................#.........##.
.........[................#.....#
....##..P......P..........#......
..#####...P.......$.$..#.##......
.....##........54.$.....## ...##
##...#.)....[.5o455.......# ...#
###.)#)..8..∩.53@3..........
#....))......[5544.#.##.....
####....PP....O5oo#### .....
###...)).[..P$P..# .....
##.......P..........# ..
#....#......P........ $
.....#.........#.....
...#####......####...
.....###......# ... $


You could see 2 orc high priests, 2 rust devils, a smoke demon (summoned), a
ynoxinul (summoned), a chaos spawn (summoned), a red devil (summoned), an orc
warrior, an ogre and 8 ufetubi.

Vanquished Creatures
  A minotaur (Gauntlet)
  Josephine (Orc:2)
  Harold (D:8)
  Erolcha (D:10)
  Fannar (D:10)
  2 hydras (D:13)
  2 centaur warriors (D:13)
  2 vault guards (D:13)
  3 two-headed ogres
  A death knight (D:13)
  An orc high priest (Orc:2)
  A queen ant (Gauntlet)
  Sonja (D:10)
  A fire crab (Gauntlet)
  3 unseen horrors (D:10)
  3 wizards (D:13)
  A phantasmal warrior (D:12)
  5 orc knights (Orc:2)
  A necromancer (D:13)
  2 orc sorcerers
  A deep elf mage (D:11)
  A manticore (D:13)
  2 ugly things
  A moth of wrath (Gauntlet)
  A water nymph (shapeshifter) (D:13)
  Maurice (D:8)
  A gargoyle (D:13)
  A freezing wraith (D:13)
  7 trolls
  6 slime creatures (D:12)
  2 shadows
  4 redbacks (Gauntlet)
  8 wraiths
  20 yaks
  19 humans (D:13)
  A vampire (D:11)
  A basilisk (D:13)
  2 fire bats (Gauntlet)
  3 wyverns
  3 wargs
  3 soldier ants (Gauntlet)
  Duvessa (D:5)
  2 acid dragons (D:11)
  A water moccasin (D:11)
  24 orc warriors
  2 sky beasts
  2 ice beasts
  A hornet zombie (D:13)
  3 black bears
  13 ogres
  10 centaurs
  2 big kobolds
  6 bullfrogs
  A gnoll sergeant (D:9)
  Dowan (D:5)
  A wyvern skeleton (D:8)
  3 scorpions
  20 wights
  2 howler monkeys
  5 centaur zombies
  A quasit (D:12)
  A bullfrog zombie (D:5)
  2 bullfrog skeletons (D:7)
  10 hounds
  13 orc priests
  4 jellies
  21 orc wizards
  2 centaur skeletons
  Jessica (D:2)
  2 iguanas
  Terence (D:2)
  4 worker ants
  Natasha (D:2)
  A statue (D:7)
  Robin (D:2)
  A worker ant zombie (D:8)
  7 gnolls
  13 adders
  3 white imps
  2 ufetubi
  2 adder skeletons
  5 worms
  A dart slug (D:1)
  7 leopard geckos
  64 orcs
  12 bats
  6 giant cockroaches
  11 goblins
  18 hobgoblins
  2 jackals (D:8)
  15 kobolds
  3 quokkas
  4 ball pythons
  3 frilled lizards
  A leopard gecko skeleton (D:4)
  A quokka skeleton (D:4)
  4 rats
472 creatures vanquished.

Vanquished Creatures (collateral kills)
  A slime creature (D:14)
1 creature vanquished.

Vanquished Creatures (others)
  An orc (Orc:1)
  2 demonic plants (Gauntlet)
  14 fungi (Orc:2)
  2 withered plants (D:7)
19 creatures vanquished.

Grand Total: 492 creatures vanquished

Notes
Turn   | Place    | Note
-------+----------+-------------------------------------------
     0 | D:1      | dickylongcocking the Formicid Venom Mage began the quest
                  | for the Orb.
     0 | D:1      | Reached XP level 1. HP: 13/13 MP: 3/3
   323 | D:1      | Reached XP level 2. HP: 14/19 MP: 0/5
   478 | D:1      | Reached skill level 5 in Poison Magic
   872 | D:1      | Reached XP level 3. HP: 21/24 MP: 6/6
  1525 | D:2      | Reached skill level 6 in Poison Magic
  1525 | D:2      | Reached XP level 4. HP: 22/30 MP: 3/7
  1867 | D:2      | Found a stormy altar of Qazlal.
  1868 | D:2      | Found an opulent altar of Gozag.
  1868 | D:2      | Found a bloodstained altar of Trog.
  1878 | D:2      | Found a hide-covered altar of Uskayaw.
  1888 | D:2      | Became a worshipper of Gozag Ym Sagoz the Greedy
  1923 | D:2      | Noticed Jessica
  1929 | D:2      | Killed Jessica
  1930 | D:2      | Reached skill level 7 in Poison Magic
  1930 | D:2      | Reached XP level 5. HP: 35/35 MP: 5/8
  2028 | D:2      | Noticed Robin
  2040 | D:2      | Killed Robin
  2153 | D:2      | Learned a level 2 spell: Poisonous Vapours
  2157 | D:2      | Learned a level 3 spell: Ignite Poison
  2208 | D:2      | Noticed Natasha
  2214 | D:2      | Killed Natasha
  2215 | D:2      | Reached skill level 8 in Poison Magic
  2502 | D:2      | Reached XP level 6. HP: 35/41 MP: 6/9
  2602 | D:2      | Found a hazy altar of Hepliaklqana.
  2608 | D:2      | Noticed Terence
  2619 | D:2      | Killed Terence
  2834 | D:2      | Found a white marble altar of Elyvilon.
  4200 | D:4      | Found a glowing silver altar of Zin.
  4201 | D:4      | Found Zin's Purification Station.
  4207 | D:4      | Bought a potion of curing for 90 gold pieces
  4211 | D:4      | Found a shimmering altar of Xom.
  4272 | D:4      | Noticed an ogre
  4296 | D:4      | Killed an ogre
  4297 | D:4      | Reached skill level 1 in Armour
  4297 | D:4      | Reached skill level 9 in Poison Magic
  4460 | D:4      | Reached XP level 7. HP: 44/46 MP: 10/10
  4465 | D:4      | Learned a level 4 spell: Olgreb's Toxic Radiance
  4471 | D:4      | Found a shadowy altar of Dithmenos.
  4745 | D:4      | Found Jeethrob's Distillery.
  4751 | D:4      | Bought a potion of magic for 104 gold pieces
  5331 | D:5      | Entered Level 5 of the Dungeon
  5383 | D:5      | Noticed Duvessa
  5391 | D:5      | Killed Duvessa
  5392 | D:5      | Reached skill level 10 in Poison Magic
  5392 | D:5      | Reached XP level 8. HP: 35/52 MP: 0/11
  5392 | D:5      | Noticed Dowan
  5499 | D:5      | Killed Dowan
  5550 | D:5      | You fall into a shaft and drop 2 floors!
  5595 | D:7      | Found a runed translucent door.
  5595 | D:7      | Noticed Frask's ghost (novice MiMo)
  5846 | D:7      | Found a radiant altar of Vehumet.
  5956 | D:6      | Reached skill level 5 in Armour
  6088 | D:5      | Reached XP level 9. HP: 42/58 MP: 0/12
  6208 | D:5      | Reached skill level 1 in Fighting
  6208 | D:5      | Reached skill level 11 in Poison Magic
  6270 | D:5      | Got a blackened dagger
  6270 | D:5      | Identified the +11 dagger of Flawed Execution {venom, rElec
                  | rPois} (You found it on level 5 of the Dungeon)
  6667 | D:6      | Found a staircase to the Ecumenical Temple.
  6760 | D:6      | Reached skill level 1 in Short Blades
  7261 | D:6      | Reached skill level 5 in Transmutations
  7826 | D:7      | Found a broken altar of Ashenzari.
  9046 | D:8      | Noticed Maurice
  9054 | D:8      | Killed Maurice
  9055 | D:8      | Reached XP level 10. HP: 35/71 MP: 2/13
  9602 | D:8      | Found an iron altar of Okawaru.
  9617 | D:8      | Reached skill level 12 in Poison Magic
  9934 | D:8      | Noticed Harold
  9940 | D:8      | Killed Harold
  9941 | D:8      | Reached skill level 5 in Fighting
 10420 | D:9      | Found an opulent altar of Gozag.
 10699 | D:9      | Found a staircase to the Lair.
 11265 | D:10     | Entered Level 10 of the Dungeon
 11265 | D:10     | Noticed an unseen horror
 11272 | D:10     | Reached XP level 11. HP: 37/81 MP: 6/14
 11272 | D:10     | Killed an unseen horror
 11273 | D:10     | Reached skill level 5 in Short Blades
 11328 | D:10     | Noticed Erolcha
 11341 | D:10     | HP: 3/81 [Erolcha/iceblast (21)]
 11344 | D:10     | Killed Erolcha
 11678 | D:10     | Found Pangozah's Weapon Shop.
 12030 | D:10     | Noticed Fannar
 12031 | D:10     | Noticed Sonja
 12034 | D:10     | Killed Sonja
 12034 | D:10     | Killed Fannar
 12035 | D:10     | Reached skill level 13 in Poison Magic
 12588 | D:10     | Noticed an unseen horror
 12593 | D:10     | Killed an unseen horror
 13049 | D:10     | Noticed an unseen horror
 13053 | D:10     | Killed an unseen horror
 13552 | D:11     | Reached XP level 12. HP: 79/91 MP: 1/15
 13844 | D:11     | Found a glowing silver altar of Zin.
 13851 | D:11     | Noticed a two-headed ogre
 13916 | D:11     | Killed a two-headed ogre
 14152 | D:11     | Found a shadowy altar of Dithmenos.
 14350 | D:11     | HP: 4/92 [acid dragon (1)]
 14353 | D:11     | Gained mutation: You are robust. (+10% HP) [potion of
                  | mutation]
 14353 | D:11     | Gained mutation: You are strong-willed. (Will+) [potion of
                  | mutation]
 14353 | D:11     | Gained mutation: You are agile. (Dex +2) [potion of
                  | mutation]
 15521 | D:12     | Found a portal to a secret trove of treasure.
 15647 | D:12     | Found a staircase to the Orcish Mines.
 15810 | D:12     | Found Ehirez's Magic Scroll Emporium.
 15818 | D:12     | Reached skill level 14 in Poison Magic
 15818 | D:12     | Bought a scroll of enchant weapon for 82 gold pieces
 15818 | D:12     | Bought a scroll of enchant armour for 82 gold pieces
 15972 | D:12     | You fall into a shaft and drop 2 floors!
 15985 | D:14     | Reached skill level 10 in Armour
 16009 | D:13     | Noticed a death knight
 16023 | D:13     | Noticed a two-headed ogre
 16023 | D:13     | Noticed a centaur warrior
 16027 | D:13     | You fall into a shaft and drop 1 floor!
 16027 | D:14     | Found a gate leading to a gauntlet.
 16030 | Gauntlet | Entered a Gauntlet
 16030 | Gauntlet | Found a transporter.
 16030 | Gauntlet | Found a transporter.
 16030 | Gauntlet | Noticed a tengu warrior
 16030 | Gauntlet | Noticed a fire crab
 16260 | Gauntlet | Found a transporter.
 16280 | Gauntlet | Found a transporter.
 16280 | Gauntlet | Found a transporter.
 16280 | Gauntlet | Found a transporter.
 16280 | Gauntlet | Noticed a queen ant
 16282 | Gauntlet | Found a transporter.
 16282 | Gauntlet | Found a transporter.
 16286 | Gauntlet | Found a runed translucent door.
 16286 | Gauntlet | Found a runed translucent door.
 16286 | Gauntlet | Noticed a wizard
 16297 | Gauntlet | Found a transporter.
 16315 | Gauntlet | Found a transporter.
 16325 | Gauntlet | Found a transporter.
 16327 | Gauntlet | Noticed a cacodemon
 16341 | Gauntlet | Found a transporter.
 16361 | Gauntlet | Found a transporter.
 16377 | Gauntlet | Found a transporter.
 16421 | Gauntlet | Killed a fire crab
 16604 | Gauntlet | Killed a queen ant
 16798 | Gauntlet | Reached skill level 10 in Transmutations
 16832 | Gauntlet | Got a pair of heavily runed gloves
 16837 | Gauntlet | Identified the cursed +0 pair of gloves of Pragmatism
                  | {rElec rN+ Will-} (You found it in a Gauntlet)
 17132 | Gauntlet | Identified the cursed +0 tower shield of Ocauth {Regen+
                  | Dex+4}
 17132 | Gauntlet | Noticed a minotaur
 17142 | Gauntlet | Killed a minotaur
 17143 | Gauntlet | Reached XP level 13. HP: 89/111 MP: 1/16
 17586 | D:13     | Reached skill level 1 in Shields
 18175 | D:13     | Reached skill level 15 in Poison Magic
 18176 | D:13     | Killed a centaur warrior
 18176 | D:13     | Identified the +8 falchion of Rolaul {vorpal, Int+4 Dex+6}
 18374 | D:13     | Noticed a four-headed hydra
 18389 | D:13     | Killed a four-headed hydra
 18711 | D:13     | Reached skill level 10 in Fighting
 19310 | D:13     | Found a gate to the Vaults.
 19310 | D:13     | Noticed a vault guard
 19310 | D:13     | Noticed a vault guard
 19311 | D:13     | Found the +4 Cigotuvi's embrace {rMiasma *Drain rN+}
 19313 | D:13     | Reached skill level 5 in Shields
 19313 | D:13     | Killed a vault guard
 19314 | D:13     | Reached XP level 14. HP: 122/122 MP: 5/17
 19598 | D:13     | Reached skill level 1 in Evocations
 19598 | D:13     | Found a sparkling altar of Nemelex Xobeh.
 20400 | Orc:1    | Entered Level 1 of the Orcish Mines
 20775 | Orc:2    | Entered Level 2 of the Orcish Mines
 20782 | Orc:2    | Noticed Josephine
 21031 | Orc:2    | Killed Josephine
 21271 | Orc:2    | Found Jerphaij's General Store.
 21279 | Orc:2    | Bought a potion of might for 52 gold pieces
 21698 | Orc:2    | Noticed an orc warlord
 22049 | Orc:2    | Found Cyfu's Jewellery Shoppe.
 22057 | Orc:2    | Found a bloodstained altar of Trog.
 22173 | Orc:2    | HP: 3/124 [orc high priest/divine providence (14)]
 22173 | Orc:2    | Slain by an orc high priest

Illustrated notes

Levels and vault maps discovered:
D:1:      dpeg_arrival_brainrot, layout_basic
D:2:      wander_river, layout_basic, lemuel_doored_altar,
          general_overflow_altar, chequers_temple_overflow_statue_of_worship,
          uniq_robin, uniq_jessica, uniq_natasha, uniq_terence
D:3:      layout_loops_ring, feat_on_display
D:4:      layout_loops_ring, nicolae_dithmenos_the_darkroom, zin_purify,
          overflow_temple_1_default, serial_shops, nicolae_shop_waterfront,
          portal_sewer_entry_d
D:5:      layout_cave_pools, uniq_duvessa
D:6:      layout_basic, minmay_temple_entry_fiery
D:7:      layout_loops_ring, ashenzari_conservatory_becter, vehumet_statue,
          gammafunk_ghost_grave, chequers_serial_rivers_micro_a,
          roderic_serpentine_path
D:8:      layout_basic, old_standard_altar, st_stairs_7, uniq_harold,
          uniq_maurice
D:9:      layout_long_grid, dpeg_oklobed_lair, basic_altar
D:10:     layout_irregular_city, serial_shops, shop, uniq_sonja, uniq_erolcha,
          uniq_fannar
D:11:     layout_basic, basic_altar, minmay_misc_feat_doors,
          david_defended_altar_elf
D:12:     layout_basic, erik_orc_4, serial_shops, shop,
          nicolae_trove_entry_isolated, chequers_serial_rivers_small_a
D:13:     layout_roguey, grunt_vaults_entry_tiered, basic_altar,
          minmay_quadrilaterals
D:14:     layout_roguey, gauntlet_entry_generic, uniq_azrael
Orc:1:    layout_caves
Orc:2:    grunt_orc_gardens, layout_diamond_mine, grunt_orc_garden,
          grunt_orc_garden, grunt_orc_garden, grunt_orc_garden, bloody_trog,
          uniq_josephine

Skill      XL: |  1  2  3  4  5  6  7  8  9 10 11 12 13 14 |
---------------+-------------------------------------------+-----
Poison Magic   | 5 6 7 8 9 10 11 12 13 14 15 | 15.5
Armour         | 1 3 5 6 8 9 10 11 12 | 12.2
Transmutations | 2 4 6 7 8 10 11 | 11.5
Fighting       | 4 5 7 9 10 11 | 11.1
Short Blades   | 3 4 6 7 |  7.5
Shields        | 5 7 |  7.2
Evocations     | 4 |  4.0
Dodging        | 3 |  3.1
Stealth        | |  2.4
Spellcasting   | |  2.1

Action                   |  1- 3 |  4- 6 |  7- 9 | 10-12 | 13-15 || total
-------------------------+-------+-------+-------+-------+-------++-------
Melee: Dagger            |    29 |    79 |   120 |   281 |   521 ||  1030
       Battleaxe         |       |       |       |     3 |       ||     3
 Cast: Sting             |    39 |    90 |    11 |     5 |       ||   145
       Poisonous Vapours |       |    23 |       |       |       ||    23
       Ignite Poison     |       |     1 |    30 |    37 |    40 ||   108
       Olgreb's Toxic Ra |       |       |    26 |    42 |    44 ||   112
Invok: Potion Petition   |       |       |       |     7 |     1 ||     8
 Abil: Dig               |       |       |       |     3 |     6 ||     9
       Shaft Self        |       |       |       |     1 |       ||     1
Evoke: Wand              |       |       |     5 |    15 |    14 ||    34
       Box of beasts     |       |       |       |       |     1 ||     1
  Use: Potion            |       |     2 |     4 |     6 |     5 ||    17
       Scroll            |       |       |    10 |    12 |     4 ||    26
 Stab: Sleeping          |       |     2 |       |       |     1 ||     3
       Distracted        |       |       |       |     1 |     3 ||     4
       Paralysed         |       |       |       |     2 |       ||     2
Armor: Robe              |    13 |    19 |       |       |       ||    32
       Ring mail         |       |    15 |    34 |   101 |       ||   150
       Skin              |       |       |       |     5 |       ||     5
       Quicksilver drago |       |       |       |       |   139 ||   139
Dodge: Dodged            |    49 |    85 |    72 |   183 |   104 ||   493
Block: Other             |       |       |    10 |     3 |       ||    13
       Reflection        |       |       |     1 |       |    17 ||    18
       Tower shield      |       |       |       |       |   453 ||   453

Table legend: (Time is in decaauts)
 A = Elapsed time spent in this place.
 B = Non-inter-level travel time spent in this place.
 C = Inter-level travel time spent in this place.
 D = Time resting spent in this place.
 E = Time spent auto-exploring this place.
 F = Levels seen in this place.
 G = Mean time per level.
                   A        B        C        D        E       F      G
               +--------+--------+--------+--------+--------+-----+--------+
         Total |  21997 |  21489 |    508 |   3140 |  14401 |  17 | 1293.9 |
       Dungeon |  18936 |  18452 |    484 |   1878 |  13560 |  14 | 1352.6 |
  Orcish Mines |   1733 |   1709 |     24 |    298 |    823 |   2 |  866.5 |
      Gauntlet |   1328 |   1328 |      0 |    964 |     18 |   1 | 1328.0 |
               +--------+--------+--------+--------+--------+-----+--------+

Top non-repeatable levels by time:
    D:11: 2187 daAuts
    D:10: 1942 daAuts
    D:13: 1939 daAuts
     D:8: 1624 daAuts
     D:2: 1618 daAuts
     D:1: 1493 daAuts
     D:7: 1381 daAuts
    D:12: 1374 daAuts
Gauntlet: 1328 daAuts
     D:4: 1272 daAuts
     D:9: 1077 daAuts
     D:3: 1046 daAuts
     D:6: 1045 daAuts
   Orc:1: 1042 daAuts
     D:5: 696 daAuts
